 Dungeon Crawl Stone Soup version 0.20-a0-1111-g4e342e6 (webtiles) character file.

16 Lexie the Ducker (level 2, -2/14 HPs)
             Began as a Felid Berserker on May 6, 2017.
             Was a Follower of Trog.
             Slain by a gnoll
             ... wielding a +0 spear
              (6 damage)
             ... on level 1 of the Dungeon.
             The game lasted 00:03:37 (530 turns).

Lexie the Ducker (Felid Berserker)                   Turns: 530, Time: 00:03:38

Health: -2/14      AC:  1    Str: 13    XL:     2   Next: 37%
Magic:  3/3        EV: 19    Int:  8    God:    Trog [*.....]
Gold:   82         SH:  0    Dex: 15    Spells: 1/1 levels left
                                        Lives:  0   Deaths: 0

rFire    . . .     SeeInvis +     - Unarmed
rCold    . . .     Gourm    .   (shield unavailable)
rNeg     . . .     Faith    .   (armour unavailable)
rPois    .         Spirit   .   (helmet unavailable)
rElec    .         Reflect  .   (cloak unavailable)
rCorr    .         Harm     .   (gloves unavailable)
MR       .....                  (boots unavailable)
Stlth    ++........             (no amulet)
Regen    0.1/turn               (no ring)
MPRegen  0.1/turn               (no ring)

@: slowed, slow
A: no armour, no weapons or thrown items, stealth, claws 1, fangs 3, see
invisible, carnivore 3, speed 1, shaggy fur 1, slow metabolism 1, sharp paws
a: Berserk, Burn Spellbooks, Renounce Religion


You were on level 1 of the Dungeon.
You worshipped Trog.
Trog was aware of your devotion.
You were not hungry.

You visited 1 branch of the dungeon, and saw 1 of its levels.

You collected 82 gold pieces.

Inventory:

Jewellery
 f - an uncursed ring of magical power {unknown}
Scrolls
 b - a scroll of remove curse {unknown}
 c - a scroll of amnesia {unknown}
 e - a scroll of magic mapping {unknown}
Potions
 d - a potion of mutation {unknown}
Comestibles
 a - 3 meat rations


   Skills:
 + Level 3.2 Fighting
 + Level 4.4 Dodging
 + Level 1.1 Stealth
 * Level 3.2 Unarmed Combat


You had one spell level left.
You didn't know any spells.

Dungeon Overview and Level Annotations

Branches:
Dungeon (1/15)

Altars:


Innate Abilities, Weirdness & Mutations

You cannot wear armour.
You are incapable of wielding weapons or throwing items.
Your paws allow you to move quietly. (Stealth)
You have sharp claws.
You have razor-sharp teeth.
You have supernaturally acute eyesight. (SInv)
You are carnivorous and can eat meat at any time.
You cover ground quickly.
You are covered in fur. (AC +1)
You have a slow metabolism.
Your sharp claws are effective at attacking unaware monsters.


Message History

You feel a strong urge to attack something.
You see here a stone.
You are no longer berserk.
You are exhausted.
You feel yourself slow down.
You see here 3 stones.
You are too injured to fight recklessly!
You are too injured to fight recklessly!
You are too injured to fight recklessly!
You are too injured to fight recklessly!
You miss the bat. You bite the bat.
The bat is severely wounded.
The bat hits you but does no damage. The leopard gecko closely misses you.
You miss the leopard gecko. The gnoll closely misses you.
The leopard gecko misses you. The gnoll closely misses you.
You closely miss the leopard gecko. Your bite misses the leopard gecko.
The leopard gecko bites you.
* * * LOW HITPOINT WARNING * * *
The gnoll hits you from afar with a spear.
You die...

.# . #. ######## #.####
#......# # #....#
#.#####......+ # #.#...=#
#.....'......# #
#......##########......####
#rrgl@...............'
#.#b##################
...#+# #... #.#... #... #
#... #... #.#.. #... #. .#
#... ## +# #... #...


You could see a gnoll, a leopard gecko, a bat and 2 rats.

Vanquished Creatures
  A leopard gecko (D:1)
  6 bats (D:1)
  A giant cockroach (D:1)
  A ball python (D:1)
  3 kobolds (D:1)
  5 rats (D:1)
17 creatures vanquished.

Notes
Turn   | Place    | Note
-------+----------+-------------------------------------------
     0 | D:1      | Lexie the Felid Berserker began the quest for the Orb.
     0 | D:1      | Reached XP level 1. HP: 10/10 MP: 2/2
   290 | D:1      | Reached skill level 1 in Stealth
   351 | D:1      | Reached XP level 2. HP: 10/14 MP: 3/3
   530 | D:1      | Slain by a gnoll

Vault maps used:
D:1:      onia_arrival_larder, minmay_misc_feat_rows

Skill      XL: |  1 |
---------------+----+-----
Stealth        | 1 |  1.1
Fighting       | |  3.2
Dodging        | |  4.4
Unarmed Combat | |  3.2

Action                   || total
-------------------------++-------
Melee: Unarmed           ||    40
       Bite              ||     5
Invok: Berserk           ||     1
 Stab: Sleeping          ||     5
Armor: Skin              ||     5
Dodge: Dodged            ||    38
